 Dungeon Crawl Stone Soup version 0.28-a0-1033-g1a2f33fa85 (webtiles) character file.

Game seed: 8171809651272335442

6 Umoon2 the Ducker (level 1, 0/16 HPs)
             Began as a Demonspawn Gladiator on Dec 7, 2021.
             Slain by a rat (1 damage)
             ... on level 1 of the Dungeon.
             The game lasted 00:00:10 (49 turns).

Umoon2 the Ducker (Demonspawn Gladiator)              Turns: 49, Time: 00:00:10

Health: 0/16       AC:  4    Str: 14    XL:     1   Next: 75%
Magic:  1/1        EV: 12    Int:  9    God:
Gold:   0          SH:  0    Dex: 14    Spells: 0/0 levels left

rFire   . . .      SeeInvis .   a - +0 rapier
rCold   . . .      Faith    .   (no shield)
rNeg    . . .      Spirit   .   b - +0 leather armour
rPois   .          Reflect  .   c - +0 helmet
rElec   .          Harm     .   (no cloak)
rCorr   .          Rampage  .   (no gloves)
Will    .....                   (no boots)
Stlth   +.........              (no amulet)
HPRegen 0.05/turn               (no ring)
MPRegen 0.07/turn               (no ring)

@: no status effects
A: no striking features
a: no special abilities


You were on level 1 of the Dungeon.
You visited 1 branch of the dungeon, and saw 1 of its levels.

Inventory:

Hand Weapons
 a - a +0 rapier (weapon)
Missiles
 d - 3 throwing nets (quivered)
Armour
 b - a +0 leather armour (worn)
 c - a +0 helmet (worn)
Potions
 e - 2 potions of heal wounds {unknown}
 f - a potion of mutation {unknown}


   Skills:
 + Level 2.1 Fighting
 - Level 2.6 Short Blades
 - Level 1.7 Throwing
 + Level 0.5 Armour
 + Level 2.8 Dodging


You couldn't memorise any spells.
You didn't know any spells.
Your spell library was empty.

Dungeon Overview and Level Annotations

Branches:
Dungeon (1/15)

Altars:


Message History

You closely miss the goblin. The goblin closely misses you.
You closely miss the hobgoblin. The hobgoblin closely misses you.
The goblin hits you with a +0 dagger. The hobgoblin closely misses you.
The goblin hits you but does no damage.
You closely miss the rat. The rat misses you.
The kobold throws a stone.
The stone hits you but does no damage. The goblin closely misses you.
The hobgoblin hits you but does no damage.
The goblin hits you but does no damage.
You closely miss the rat. The rat misses you.
The kobold throws a stone.
The stone closely misses you. The goblin barely misses you.
The goblin closely misses you. The hobgoblin closely misses you.
You closely miss the rat. The rat misses you.
The kobold throws a stone.
The stone barely misses you. The goblin hits you with a +0 dagger.
The hobgoblin misses you. The goblin barely misses you.
You are too injured to fight recklessly!
You are too injured to fight recklessly!
You are too injured to fight recklessly!
You are too injured to fight recklessly!
You are too injured to fight recklessly!
You are too injured to fight recklessly!
You are too injured to fight recklessly!
You are too injured to fight recklessly!
You are too injured to fight recklessly!
You are too injured to fight recklessly!
You are too injured to fight recklessly!
You are too injured to fight recklessly!
You are too injured to fight recklessly!
You are too injured to fight recklessly!
You are too injured to fight recklessly!
Unknown command.
The rat bites you. The kobold hits you but does no damage.
The hobgoblin hits you but does no damage.
The goblin hits you but does no damage. The kobold hits you but does no damage.
The hobgoblin hits you.
* * * LOW HITPOINT WARNING * * *
Found a fizzy emerald potion.
The kobold throws a stone.
The stone hits you.
* * * LOW HITPOINT WARNING * * *
The rat bites you.
You die...

. .......+ .)..>#....
.#. ......###.........
...###......#.........
#.....#....+.........
##...###.).#.........
#..#.g..#.........
##.K....#.........
#..####.r....#.........
#......@gg.............
..#.....#..............
.###...###..#..........
..#.....#...#..........
#!..###...###)†........
#.## ########.###......
# #.........# ......
#.........##......
#.................


You could see a hobgoblin, 2 goblins, a kobold and a rat.

Vanquished Creatures
  A goblin (D:1)
  2 hobgoblins (D:1)
  A kobold (D:1)
  A rat (D:1)
5 creatures vanquished.

Notes
Turn   | Place    | Note
-------+----------+-------------------------------------------
     0 | D:1      | Umoon2 the Demonspawn Gladiator began the quest for the
                  | Orb.
     0 | D:1      | Reached XP level 1. HP: 16/16 MP: 1/1
    49 | D:1      | Slain by a rat

Illustrated notes

Levels and vault maps discovered:
D:1:      scummos_arrival_simple_crosswalls, layout_basic, serial_glass,
          glass_columns_c, glass_columns_a, minmay_strange_pillars,
          due_unseen_surprise, item_on_display_a, minmay_strange_pillars,
          shapermc_ecumenical_altar_rom_forum

Action                   || total
-------------------------++-------
Melee: Rapier            ||    15
Armor: Leather armour    ||    10
Dodge: Dodged            ||    19

Table legend: (Time is in decaauts)
 A = Elapsed time spent in this place.
 B = Non-inter-level travel time spent in this place.
 C = Inter-level travel time spent in this place.
 D = Time resting spent in this place.
 E = Time spent auto-exploring this place.
 F = Levels seen in this place.
 G = Mean time per level.
                   A        B        C        D        E       F      G
               +--------+--------+--------+--------+--------+-----+--------+
         Total |     50 |     50 |      0 |      0 |     16 |   1 |   50.0 |
       Dungeon |     50 |     50 |      0 |      0 |     16 |   1 |   50.0 |
               +--------+--------+--------+--------+--------+-----+--------+

Top non-repeatable levels by time:
     D:1: 50 daAuts
